 Dungeon Crawl Stone Soup version 0.28-a0-909-g796cbd3a86 (webtiles) character file.

Game seed: 3439984983699954620

14 blank1 the Skirmisher (level 2, 0/27 HPs)
             Began as a Minotaur Fighter on Nov 24, 2021.
             Slain by Sigmund (7 damage)
             ... on level 2 of the Dungeon.
             The game lasted 00:01:09 (725 turns).

blank1 the Skirmisher (Minotaur Fighter)             Turns: 725, Time: 00:01:09

Health: 0/27       AC:  7    Str: 20    XL:     2   Next: 27%
Magic:  1/1        EV:  9    Int:  5    God:
Gold:   34         SH:  4    Dex:  9    Spells: 1/1 levels left

rFire   . . .      SeeInvis .   a - +0 flail
rCold   . . .      Faith    .   c - +0 buckler
rNeg    . . .      Spirit   .   b - +0 scale mail
rPois   .          Reflect  .   (helmet restricted)
rElec   .          Harm     .   (no cloak)
rCorr   .          Rampage  .   (no gloves)
Will    .....                   (no boots)
Stlth   ..........              (no amulet)
HPRegen 0.09/turn               (no ring)
MPRegen 0.07/turn               (no ring)

@: mighty
A: horns 2, retaliatory headbutt
a: no special abilities


You were on level 2 of the Dungeon.
You visited 1 branch of the dungeon, and saw 2 of its levels.

You collected 34 gold pieces.

Inventory:

Hand Weapons
 a - a +0 flail (weapon)
Armour
 b - a +0 scale mail (worn)
 c - a +0 buckler (worn)
Scrolls
 e - a scroll of teleportation {unknown}


   Skills:
 + Level 3.8 Fighting
 + Level 2.7 Maces & Flails
 + Level 3.8 Armour
 + Level 0.7 Dodging
 + Level 3.8 Shields


You had one spell level left.
You didn't know any spells.
Your spell library was empty.

Dungeon Overview and Level Annotations

Branches:
Dungeon (2/15)

Altars:

Annotations:
D:2 Sigmund


Innate Abilities, Weirdness & Mutations

You have a pair of horns on your head.
You reflexively headbutt those who attack you in melee.


Message History

Sigmund gestures at you while chanting. The magic dart hits you.
You closely miss Sigmund. Sigmund gestures at you while chanting.
You are confused.
Sigmund closely misses you.
You see here a sapphire potion.
You're too confused to move!
Sigmund barely misses you.
You're too confused to move!
Sigmund hits you with a +0 scythe.
You miss Sigmund. Your headbutt misses Sigmund. Sigmund barely misses you.
You barely miss Sigmund.
You feel less confused.
You closely miss Sigmund. You headbutt Sigmund!
Sigmund is heavily wounded.
Sigmund hits you with a +0 scythe.
You closely miss Sigmund. Your headbutt misses Sigmund.
Sigmund is heavily wounded.
Sigmund closely misses you. You furiously retaliate!
You headbutt Sigmund! You barely miss Sigmund.
Sigmund is almost dead.
You block Sigmund's attack.
You barely miss Sigmund.
Sigmund is almost dead.
Sigmund casts a spell.
Sigmund flickers and vanishes!
Deactivating autopickup; reactivate with Ctrl-A.
You closely miss something. Your headbutt misses something.
Something hits you but does no damage.
You barely miss something.
You hear some strange, mumbled words.
Something tries to affect you, but you resist.
You barely miss something.
You hear some strange, mumbled words.
A puff of flame appears from out of thin air!
The puff of flame hits you.
You miss something. Something hits you but does no damage.
You closely miss something. Something hits you!
* * * LOW HITPOINT WARNING * * *
You barely miss something. Something hits you!
You die...

#..............
#..............
#..(...........
..#..............
.8#..............
.................
...................
...#.......@.......
...#........{.$...#
.[.......†##..##...
..............## .
...........#.....#
................##
.......<...###....
...........# #....
...........# ###.


There were no monsters in sight!

Vanquished Creatures
  4 bats
  An endoplasm (D:1)
  2 hobgoblins (D:1)
  3 kobolds (D:1)
  2 ball pythons (D:1)
  A rat (D:1)
13 creatures vanquished.

Notes
Turn   | Place    | Note
-------+----------+-------------------------------------------
     0 | D:1      | blank1 the Minotaur Fighter began the quest for the Orb.
     0 | D:1      | Reached XP level 1. HP: 19/19 MP: 0/0
   235 | D:1      | Reached XP level 2. HP: 26/27 MP: 1/1
   481 | D:1      | Found a faded altar of an unknown god.
   697 | D:2      | Noticed Sigmund
   725 | D:2      | Slain by Sigmund

Illustrated notes

Levels and vault maps discovered:
D:1:      lemuel_arrival_broad_hall, layout_basic, ebering_ecumenical_altar_rust
D:2:      kennysheep_the_goblin_king, layout_rooms, grunt_ministairs_15,
          uniq_sigmund

Action                   || total
-------------------------++-------
Melee: Flail             ||    37
       Headbutt          ||     7
  Use: Potion            ||     1
Armor: Scale mail        ||    22
Dodge: Dodged            ||    19
Block: Buckler           ||     5

Table legend: (Time is in decaauts)
 A = Elapsed time spent in this place.
 B = Non-inter-level travel time spent in this place.
 C = Inter-level travel time spent in this place.
 D = Time resting spent in this place.
 E = Time spent auto-exploring this place.
 F = Levels seen in this place.
 G = Mean time per level.
                   A        B        C        D        E       F      G
               +--------+--------+--------+--------+--------+-----+--------+
         Total |    734 |    704 |     30 |      0 |    598 |   2 |  367.0 |
       Dungeon |    734 |    704 |     30 |      0 |    598 |   2 |  367.0 |
               +--------+--------+--------+--------+--------+-----+--------+

Top non-repeatable levels by time:
     D:1: 698 daAuts
     D:2: 35 daAuts
